 Dungeon Crawl Stone Soup version 0.20-a0-1023-gc4d110f (webtiles) character file.

193 AlphabetPasta the Skirmisher (level 5, -4/42 HPs)
             Began as a Mummy Fighter on Apr 18, 2017.
             Slain by Crazy Yiuf
             ... wielding a +4 quarterstaff of chaos
              (9 damage)
             ... on level 4 of the Dungeon.
             The game lasted 00:11:19 (2632 turns).

AlphabetPasta the Skirmisher (Mummy Fighter)        Turns: 2632, Time: 00:11:22

Health: -4/42      AC:  7    Str: 20    XL:     5   Next: 44%
Magic:  5/5        EV:  7    Int:  8    God:
Gold:   175        SH: 10    Dex: 11    Spells: 4/4 levels left

rFire    x . .     SeeInvis .   b - +0 blowgun
rCold    + . .     Gourm    .   c - +1 shield
rNeg     + + +     Faith    .   m - +0 scale mail
rPois    ∞         Spirit   .   k - +0 helmet
rElec    .         Reflect  .   (no cloak)
rCorr    +         Harm     .   (no gloves)
MR       .....                  (no boots)
Stlth    ..........             (no amulet)
Regen    0.2/turn               e - ring of resist corrosion
MPRegen  0.1/turn               j - ring of flight

@: no status effects
A: no food or potions, fire vulnerability, cold resistance 1, negative energy
resistance 3, torment resistance, unbreathing
a: Evoke Flight


You were on level 4 of the Dungeon.
You were not hungry.

You visited 1 branch of the dungeon, and saw 4 of its levels.

You collected 175 gold pieces.

Inventory:

Hand Weapons
 a - a +0 war axe
 b - a +0 blowgun (weapon)
 n - a +0 flail
Missiles
 l - 7 poisoned needles (quivered)
Armour
 c - a +1 shield (worn)
 k - a +0 helmet (worn)
 m - a +0 scale mail (worn)
Jewellery
 e - a ring of resist corrosion (left hand)
 j - a ring of flight (right hand)
Scrolls
 f - 3 scrolls of identify
 h - a scroll of enchant armour


   Skills:
 + Level 3.9 Fighting
 * Level 3.0 Axes
 + Level 1.1 Throwing
 + Level 3.1 Armour
 + Level 2.7 Shields
 + Level 0.5 Evocations


You had 4 spell levels left.
You didn't know any spells.

Dungeon Overview and Level Annotations

Branches:
Dungeon (4/15)
 Temple: D:4-7

Altars:
Elyvilon
Vehumet

Annotations:
D:4 Crazy Yiuf


Innate Abilities, Weirdness & Mutations

You do not eat or drink.
Your flesh is vulnerable to fire.
You are immune to poison.
Your flesh is cold resistant. (rC+)
You are immune to negative energy. (rN+++)
You are immune to unholy pain and torment.
You can survive without breathing.


Message History

You shoot a poisoned needle. The poisoned needle hits Crazy Yiuf.
Crazy Yiuf looks even sicker.
Crazy Yiuf is moderately wounded.
Found a mace.
You see here a mace.
Found a mace.
You see here a mace.
Crazy Yiuf says, "Proton bush horse!"
Crazy Yiuf looks more healthy.
Found a dagger.
Firing (i - inventory):
l - 8 poisoned needles (quivered)
Press: ? - help, Shift-Dir - straight line, f/p - Crazy Yiuf
Aim: Crazy Yiuf, wielding a quarterstaff of chaos and wearing a cloak (almost dead)
You shoot a poisoned needle. The poisoned needle hits Crazy Yiuf.
Crazy Yiuf is poisoned.
Crazy Yiuf is almost dead.
Crazy Yiuf hits you with a quarterstaff of chaos!
* * * LOW HITPOINT WARNING * * *
You convulse!
You die...

♣♣)♣ ♣♣)♣♣ ##
♣♣..)♣ .. ♣....♣
.### ##..## ...
##....###..
#....##.#.#
.##.#..##.#.###..)
#.........g@.......
####.#############.
#. #


You could see Crazy Yiuf.

Vanquished Creatures
  A hound (D:4)
  Robin (D:3)
  5 adders
  4 worms
  A dart slug (D:1)
  2 leopard geckos (D:1)
  4 orcs (D:3)
  3 ball pythons
  5 giant cockroaches
  14 goblins
  13 hobgoblins
  6 jackals
  10 kobolds
  2 quokkas
  7 bats
  6 frilled lizards
  5 rats
89 creatures vanquished.

Vanquished Creatures (others)
  An orc (D:3)
  A bat (D:3)
2 creatures vanquished.

Grand Total: 91 creatures vanquished

Notes
Turn   | Place    | Note
-------+----------+-------------------------------------------
     0 | D:1      | AlphabetPasta the Mummy Fighter began the quest for the Orb.
     0 | D:1      | Reached XP level 1. HP: 18/18 MP: 1/1
    88 | D:1      | Reached XP level 2. HP: 24/24 MP: 2/2
   583 | D:1      | Reached XP level 3. HP: 29/29 MP: 3/3
  1088 | D:2      | Found a radiant altar of Vehumet.
  1268 | D:2      | Reached XP level 4. HP: 22/35 MP: 4/4
  1904 | D:3      | Found a white marble altar of Elyvilon.
  2388 | D:4      | Reached XP level 5. HP: 31/42 MP: 5/5
  2403 | D:4      | Reached skill level 1 in Throwing
  2437 | D:4      | Noticed Robin
  2557 | D:3      | Killed Robin
  2604 | D:4      | Found a runed door.
  2604 | D:4      | Noticed Crazy Yiuf
  2632 | D:4      | Slain by Crazy Yiuf

Vault maps used:
D:1:      minmay_arrival_arboretum_small
D:2:      lemuel_doored_altar, first_bread
D:3:      elyvilon_altar_4, minmay_misc_feat_doors
D:4:      uniq_eustachio, uniq_robin, uniq_crazy_yiuf_cottage

Skill      XL: |  1  2  3  4  5 |
---------------+----------------+-----
Axes           | 2 3 |  3.0
Armour         | 3 |  3.1
Throwing       | 1 |  1.1
Fighting       | |  3.9
Shields        | |  2.7
Evocations     | |  0.5

Action                   |  1- 3 |  4- 6 || total
-------------------------+-------+-------++-------
Melee: War axe           |   154 |   183 ||   337
 Fire: Blowgun           |       |     4 ||     4
  Use: Scroll            |     2 |     6 ||     8
Armor: Scale mail        |    56 |    64 ||   120
Dodge: Dodged            |    41 |    55 ||    96
Block: Shield            |    76 |   102 ||   178
